 Dungeon Sprint DCSS version 0.19.4-12-gccf7e64 (webtiles) character file.

3359 equalderp2856 the Ripper (level 9, -1/43 HPs)
             Began as a Felid Fighter on Feb 26, 2017.
             Was an Initiate of Gozag.
             Killed by divine providence
             ... invoked by an orc priest
              (7 damage)
             ... in the Dungeon (Sprint III: "The Ten Rune Challenge").
             The game lasted 00:17:03 (3740 turns).

equalderp2856 the Ripper (Felid Fighter)            Turns: 3740, Time: 00:17:04

Health: -1/43      AC:  2    Str: 13    XL:     9   Next: 73%
Magic:  20/20      EV: 30    Int: 10    God:    Gozag
Gold:   4984       SH:  0    Dex: 18    Spells: 1 memorised, 21 levels left
                                        Lives:  0   Deaths: 2

rFire  . . .     SeeInvis +       - Unarmed
rCold  . . .     Gourm    .     (armour unavailable)
rNeg   . . .     Faith    .     (shield unavailable)
rPois  .         Spirit   .     (helmet unavailable)
rElec  .         Reflect  .     (cloak unavailable)
rCorr  .         Harm     .     (gloves unavailable)
MR     +....     NoTele   +     (boots unavailable)
Stlth  +++++++...               (no amulet)
                                (no ring)
                                (no ring)

@: bribing [the Dungeon], quick
A: no armour, no weapons or thrown items, stealth, claws 1, fangs 3, see
invisible, carnivore 3, speed 1, shaggy fur 2, slow metabolism 1, sharp paws
a: Potion Petition, Call Merchant, Bribe Branch, Renounce Religion


You were in the Dungeon.
You worshipped Gozag.
Gozag was most pleased with you.
You were not hungry.

You visited 1 branch You collected 7984 gold pieces.
You paid 3000 gold pieces to Gozag.

Inventory:

Scrolls
 h - a scroll of blinking
 i - a scroll of torment {unknown}
 j - 2 scrolls of identify {unknown}
 k - 3 scrolls of remove curse
 m - 3 scrolls of immolation {unknown}
Potions
 a - a potion of might
 d - 2 potions of mutation {unknown}
 e - 4 potions of haste
 f - 2 potions of magic
 g - a potion of berserk rage
 l - 2 potions of cure mutation
 o - a potion of brilliance {unknown}
 p - 2 potions of flight
Books
 q - a book of Cantrips

   Spells                             Type                      Level
   a - Confusing Touch                Hexes                        1
   b - Animate Skeleton               Necromancy                   1
   c - Summon Small Mammal            Summoning                    1
   d - Apportation                    Translocation                1
Miscellaneous
 r - a box of beasts
Comestibles
 b - 2 meat rations
 c - 24 royal jellies


   Skills:
 + Level 7.7 Fighting
 + Level 13.4 Dodging
 + Level 15.9 Stealth
 + Level 17.7 Unarmed Combat
 + Level 7.1 Spellcasting
 + Level 10.0 Hexes


You had 21 spell levels left.
You knew the following spells:

 Your Spells              Type           Power        Failure   Level  Hunger
a - Confusing Touch       Hex            ###...       1%          1    None


Dungeon Overview and Level Annotations

Branches:
Dungeon (1/1)

Altars:
Cheibriados
Dithmenos
Elyvilon
Fedhas
Gozag
Hepliaklqana
Kikubaaqudgha
Makhleb
Nemelex Xobeh
Okawaru
Qazlal
Ru
Sif Muna
Trog
Uskayaw
Vehumet
Xom
Yredelemnul
Zin
The Shining One
Beogh
Jiyva
Lugonu

Shops:
D [


Innate Abilities, Weirdness & Mutations

You cannot wear armour.
You are incapable of wielding weapons or throwing items.
Your paws allow you to move quietly. (Stealth)
You have sharp claws.
You have razor-sharp teeth.
You have supernaturally acute eyesight. (SInv)
You are carnivorous and can eat meat at any time.
You cover ground quickly.
You are covered in thick fur. (AC +2)
You have a slow metabolism.
Your sharp claws are effective at attacking unaware monsters.


Message History

The plant is almost destroyed.
The orc high priest barely misses your orc high priest.
Your orc high priest hits the orc high priest with a mace.
The orc high priest invokes the aid of Beogh against you.
Beogh smites you!
You claw the plant!
You destroy the plant!
Your rust devil hits the orc priest.
Your rust devil corrodes the orc priest!
The orc priest mumbles some strange prayers to Beogh against you.
Beogh smites you!
* * * LOW HITPOINT WARNING * * *
The orc high priest hits your orc high priest with a flail!
The orc high priest hits the plant but does no damage.
Your orc high priest barely misses the orc high priest.
Your rust devil closely misses the orc priest.
The orc priest calls down the wrath of Beogh upon you.
Beogh smites you!
You die...
Your body crumbles into a pile of gold.

≈≈≈≈≈≈≈♣♣P.'.......#.......#
♣♣♣♣♣♣♣♣♣PP#.......#########
♣♣♣##'######## #...'.≈≈≈≈#
$$#...#.≈§≈≈# $ #...#.#§§§#
#####.# §≈≈ #.PPP.# ≈≈
#.oPP@# ≈


#.ooPo# #...4P# #+##### $ $ $ You could see 2 orc high priests, an orc priest, a
friendly orc high priest and a friendly rust devil.

Vanquished Creatures
  Dowan (D)
  Erolcha (D)
  2 deep elf magi (D)
  An orc sorcerer (D)
  Duvessa (D)
  3 wandering mushrooms (D)
  2 redbacks (D)
  A shadow (D)
  2 hill giants (D)
  A spatial vortex (D)
  4 orc warriors (D)
  A necrophage (D)
  3 two-headed ogres (D)
  A water elemental (D)
  A scorpion (D)
  20 killer bees (D)
  A jelly (D)
  2 orc priests (D)
  Jessica (D)
  A wizard (D)
  5 orc wizards (D)
  A necromancer (D)
  3 humans (D)
  A kobold demonologist (D)
  An ooze (D)
  4 orcs (D)
  2 rats (D)
  A plant (D)
68 creatures vanquished.

Vanquished Creatures (collateral kills)
  A deep elf annihilator (D)
  3 deep elf magi (D)
  A queen bee (D)
  12 killer bees (D)
  An orc wizard (D)
  An orc (D)
19 creatures vanquished.

Vanquished Creatures (others)
  2 draconian scorchers (D)
  A deep elf annihilator (D)
  A deep elf knight (D)
  6 hellions (D)
  2 yaktaurs (D)
  An electric eel (D)
13 creatures vanquished.

Grand Total: 100 creatures vanquished

Notes
Turn   | Place    | Note
-------+----------+-------------------------------------------
     0 | D        | equalderp2856 the Felid Fighter began the quest for the Orb.
     0 | D        | Reached XP level 1. HP: 10/10 MP: 2/2
   113 | D        | Killed a hellion
   134 | D        | Killed a hellion
   136 | D        | Killed a hellion
   137 | D        | Killed a hellion
   179 | D        | Killed a hellion
   181 | D        | Killed a white draconian scorcher
   181 | D        | Killed a white draconian scorcher
   237 | D        | Killed a yaktaur
   256 | D        | Noticed Jessica
   275 | D        | Killed Jessica
   275 | D        | Reached skill level 5 in Dodging
   275 | D        | Reached skill level 6 in Unarmed Combat
   275 | D        | Reached XP level 2. HP: 10/15 MP: 3/3
   275 | D        | Reached XP level 3. HP: 12/18 MP: 4/4
   394 | D        | Noticed a scorpion
   407 | D        | Killed a hellion
   431 | D        | Killed a scorpion
   431 | D        | Reached skill level 1 in Stealth
   431 | D        | Reached skill level 7 in Unarmed Combat
   431 | D        | Reached XP level 4. HP: 22/22 MP: 5/5
   475 | D        | Noticed a water elemental
   477 | D        | HP: 1/22 [water elemental (21)]
   821 | D        | Killed a water elemental
   821 | D        | Reached skill level 5 in Fighting
   821 | D        | Reached skill level 8 in Unarmed Combat
   821 | D        | Reached XP level 5. HP: 9/26 MP: 6/6
  1025 | D        | Found a glowing silver altar of Zin.
  1025 | D        | Found a glowing golden altar of the Shining One.
  1025 | D        | Found a white marble altar of Elyvilon.
  1026 | D        | Noticed a deep elf mage
  1039 | D        | Killed a deep elf mage
  1039 | D        | Reached skill level 10 in Dodging
  1039 | D        | Reached skill level 5 in Stealth
  1039 | D        | Reached skill level 11 in Unarmed Combat
  1039 | D        | Gained mutation: You are covered in thick fur. (AC +2) [Felid growth]
  1039 | D        | Reached XP level 6. HP: 16/33 MP: 7/7
  1039 | D        | Reached XP level 7. HP: 18/36 MP: 8/8
  1194 | D        | Found a radiant altar of Vehumet.
  1195 | D        | Found a deep blue altar of Sif Muna.
  1195 | D        | Found an ancient bone altar of Kikubaaqudgha.
  1202 | D        | Reached skill level 12 in Unarmed Combat
  1215 | D        | Learned a level 1 spell: Confusing Touch
  1233 | D        | Found a hide-covered altar of Uskayaw.
  1233 | D        | Found a roughly hewn altar of Beogh.
  1233 | D        | Found an iron altar of Okawaru.
  1233 | D        | Found a bloodstained altar of Trog.
  1233 | D        | Noticed a human
  1236 | D        | Noticed a human
  1268 | D        | Killed a human
  1514 | D        | Killed a human
  1530 | D        | Found a basalt altar of Yredelemnul.
  1530 | D        | Found a shadowy altar of Dithmenos.
  1530 | D        | Found a sacrificial altar of Ru.
  1541 | D        | Reached skill level 13 in Unarmed Combat
  1541 | D        | Reached skill level 1 in Hexes
  1596 | D        | Noticed a shadow
  1602 | D        | Killed a shadow
  1602 | D        | Reached skill level 1 in Spellcasting
  1602 | D        | Reached XP level 8. HP: 40/40 MP: 3/11
  1678 | D        | Found a blossoming altar of Fedhas.
  1678 | D        | Found a stormy altar of Qazlal.
  1678 | D        | Found a snail-covered altar of Cheibriados.
  1678 | D        | Found a burning altar of Makhleb.
  1678 | D        | Found a shimmering altar of Xom.
  1679 | D        | Found a hazy altar of Hepliaklqana.
  1679 | D        | Found an opulent altar of Gozag.
  1679 | D        | Found a sparkling altar of Nemelex Xobeh.
  1679 | D        | Found a corrupted altar of Lugonu.
  1679 | D        | Found a viscous altar of Jiyva.
  1717 | D        | Became a worshipper of Gozag Ym Sagoz the Greedy
  1914 | D        | Reached skill level 5 in Hexes
  1920 | D        | Noticed Erolcha
  1937 | D        | Reached skill level 10 in Stealth
  1946 | D        | Killed Erolcha
  1946 | D        | Reached skill level 14 in Unarmed Combat
  1946 | D        | Reached skill level 5 in Spellcasting
  1946 | D        | Reached XP level 9. HP: 43/43 MP: 13/17
  2031 | D        | Found Odghutz's Armour Emporium.
  2034 | D        | Noticed an orc sorcerer
  2053 | D        | Noticed an orange demon
  2055 | D        | Killed an orc sorcerer
  2512 | D        | Reached skill level 15 in Unarmed Combat
  2677 | D        | Noticed a deep elf mage
  2677 | D        | Noticed a deep elf knight
  2677 | D        | Noticed a deep elf mage
  2677 | D        | Noticed a deep elf mage
  2677 | D        | Noticed a deep elf mage
  2683 | D        | Killed a deep elf mage
  2683 | D        | Reached XP level 10. HP: 47/47 MP: 20/20
  2685 | D        | Killed a deep elf mage
  2689 | D        | Killed a deep elf mage
  2697 | D        | Noticed a deep elf annihilator
  2703 | D        | Noticed a deep elf annihilator
  2705 | D        | Killed a deep elf annihilator
  2707 | D        | Killed a deep elf annihilator
  2819 | D        | Reached skill level 16 in Unarmed Combat
  3554 | D        | Reached skill level 15 in Stealth
  3559 | D        | Reached skill level 17 in Unarmed Combat
  3632 | D        | Noticed Dowan
  3632 | D        | Noticed Duvessa
  3660 | D        | Mangled by Dowan
  3661 | D        | Reached XP level 9. HP: -6/43 MP: 20/20
  3669 | D        | HP: 2/43 [poisoned by a deep elf annihilator (poison arrow)]
  3671 | D        | Succumbed to a deep elf annihilator's poison arrow
  3672 | D        | Reached XP level 8. HP: 0/40 MP: 19/19
  3681 | D        | Killed Dowan
  3681 | D        | Reached skill level 10 in Hexes
  3681 | D        | Reached XP level 9. HP: 43/43 MP: 18/20
  3701 | D        | Killed Duvessa
  3740 | D        | Killed from afar by an orc priest

Skill      XL: |  1  2  3  4  5  6  7  8  9 10 |
---------------+-------------------------------+-----
Fighting       | 4 5 7 |  7.7
Dodging        | 5 6 7 10 11 13 12 | 13.4
Unarmed Combat | 6 7 8 11 13 14 15 17 | 17.7
Stealth        | 1 2 5 7 11 13 15 | 15.9
Hexes          | 2 10 9 | 10.0
Spellcasting   | 1 7 6 |  7.1

Action                   |  1- 3 |  4- 6 |  7- 9 | 10-12 || total
-------------------------+-------+-------+-------+-------++-------
Melee: Unarmed           |    23 |    16 |   148 |    88 ||   275
       Bite              |     2 |     2 |    23 |     4 ||    31
       Punch             |     1 |     2 |    12 |     7 ||    22
 Cast: Confusing Touch   |       |       |    18 |     7 ||    25
Invok: Bribe Branch      |       |       |     1 |       ||     1
  Use: Potion            |     1 |       |       |     1 ||     2
 Stab: Sleeping          |     2 |       |     5 |     1 ||     8
       Confused          |       |       |     8 |     2 ||    10
       Distracted        |       |       |     1 |       ||     1
  Eat: Royal jelly       |       |       |     1 |     2 ||     3
Armor: Skin              |       |       |     3 |       ||     3
Dodge: Dodged            |    16 |     6 |    77 |    86 ||   185
